AoeStats
← Der Sprudel

Arabia

508193102Analyzed
1v1 RM · 11d ago on Sep 21, 2026· 30m 14s· 2 players
Game mode
Random Map
Map size
Tiny (2 player)
Population
200
Speed
Normal
Resources
Standard
Victory
Conquest
Starting age
Dark Age
Ending age
Imperial Age
RankedLock teamsTeams togetherTeam positionsShared explorationLock speedFull tech treeHidden civsTurbo modeCheats
Victory
Defeat
🇩🇪 Sicilians · Germany
1248
+15
🇨🇳 Franks · China
1232
-15
renpanpan5
7:06 Loom
9:39 Feudal Age
10:22 Double-Bit Axe
10:22 Man-at-Arms
19:28 Castle Age
23:06 Wheelbarrow
22:35 Light Cavalry
23:50 Gold Mining
24:13 Forging
27:04 Scale Barding Armor
Der Sprudel
0:26 Loom
9:59 Feudal Age
10:29 Double-Bit Axe
10:36 Horse Collar
16:35 Fletching
18:06 Scale Mail Armor
22:54 Castle Age
23:04 Forging
24:18 Bow Saw
23:38 Pikeman
Connection lost

Rejoining the realm…

Still unreachable

The connection could not be restored.

Session expired

The server has moved on; the page needs a fresh start.